 Dungeon Crawl Stone Soup version 0.23.0 (webtiles) character file.

Game seed: 8219367707243308580

18 Borgoz the Sneak (level 2, 0/22 HPs)
             Began as a Demonspawn Assassin on Feb 17, 2019.
             Succumbed to a kobold's poison
             ... on level 1 of the Dungeon.
             The game lasted 00:01:12 (482 turns).

Borgoz the Sneak (Demonspawn Assassin)               Turns: 482, Time: 00:01:12

Health: 0/22       AC:  5    Str: 11    XL:     2   Next: 51%
Magic:  2/2        EV: 12    Int: 12    God:
Gold:   19         SH:  0    Dex: 16    Spells: 1/1 levels left

rFire    . . .     SeeInvis .   a - +2 dagger
rCold    . . .     Gourm    .   (no shield)
rNeg     . . .     Faith    .   c - +0 robe
rPois    .         Spirit   .   (no helmet)
rElec    .         Reflect  .   d - +0 cloak
rCorr    .         Harm     .   (no gloves)
MR       .....                  (no boots)
Stlth    ++........             (no amulet)
HPRegen  0.07/turn              (no ring)
MPRegen  0.08/turn              (no ring)

@: lethally poisoned (0 -> -22)
A: hooves 1, icy blue scales 1, agile 1, mutation resistance 1, screaming 1
a: no special abilities


You were on level 1 of the Dungeon.
You were not hungry.

You visited 1 branch of the dungeon, and saw 1 of its levels.

You collected 19 gold pieces.

Inventory:

Hand Weapons
 a - a +2 dagger (weapon)
 b - a +0 blowgun
Missiles
 e - 8 poisoned needles
 f - 2 curare-tipped needles
Armour
 c - a +0 robe (worn)
 d - a +0 cloak (worn)
Scrolls
 j - a scroll of magic mapping {unknown}
Comestibles
 g - 3 rations
 i - 3 chunks of flesh


   Skills:
 + Level 2.2 Fighting
 * Level 2.2 Short Blades
 - Level 1.7 Throwing
 * Level 1.4 Dodging
 + Level 3.7 Stealth


You had one spell level left.
You didn't know any spells.
Your spell library was empty.

Dungeon Overview and Level Annotations

Branches:
Dungeon (1/15)

Altars:


Innate Abilities, Weirdness & Mutations

You are partially covered in icy blue scales. (AC +2)
You have large cloven feet.
You are agile. (Dex +2)
You are somewhat resistant to further mutation.
You occasionally shout uncontrollably at your foes.


Message History

It was a potion of mutation.
You feel extremely strange.
You feel agile.
Your feet thicken and deform.
You feel the urge to shout.
You feel genetically stable.
* * * LOW HITPOINT WARNING * * *
You feel sick.
The giant cockroach completely misses you.
The giant cockroach closely misses you.
Unknown command.
Unknown command.
Unknown command.
Unknown command.
Unknown command.
Unknown command.
You hit the giant cockroach.
The giant cockroach is almost dead.
* * * LOW HITPOINT WARNING * * *
You feel sick. The giant cockroach misses you.
You hit the giant cockroach.
You kill the giant cockroach!
You die...

....############.#.........#.#.#.
....# #.#.........#.#.#. ....#
#.#.........#.#.#. ##'##
#.####.####.#.#.#. ...# #.# #.#
#.#.#.#. #### #.# #.# #.#.#.#.
#.# #.# #.#.#.#. ####### #.# #.#
.# ######..#≈≈## #@# #.#
##.≈≈#.≈≈≈≈≈.###)# #.#
#.≈##≈...≈≈##P.#.)......
#P....≈.PP...≈.#........
.P......P..≈...#...(....
.≈.P..P....P≈..#........
P.≈P......P..PP#.#..?...
..P≈.......PP.≈#.#......
....P..(.≈..P.<#.#......


There were no monsters in sight!

Vanquished Creatures
  A dart slug (D:1)
  A bat (D:1)
  2 giant cockroaches (D:1)
  5 goblins (D:1)
  5 kobolds (D:1)
14 creatures vanquished.

Notes
Turn   | Place    | Note
-------+----------+-------------------------------------------
     0 | D:1      | Borgoz the Demonspawn Assassin began the quest for the Orb.
     0 | D:1      | Reached XP level 1. HP: 16/16 MP: 1/1
    33 | D:1      | Reached skill level 1 in Dodging
   336 | D:1      | Gained mutation: You are partially covered in icy blue
                  | scales. (AC +2) [demonic ancestry]
   336 | D:1      | Reached XP level 2. HP: 22/22 MP: 2/2
   480 | D:1      | Gained mutation: You are agile. (Dex +2) [potion of
                  | mutation]
   480 | D:1      | Gained mutation: You have large cloven feet. [potion of
                  | mutation]
   480 | D:1      | Gained mutation: You occasionally shout uncontrollably at
                  | your foes. [potion of mutation]
   480 | D:1      | Gained mutation: You are somewhat resistant to further
                  | mutation. [potion of mutation]
   480 | D:1      | HP: 1/22 [poisoned by a kobold]
   482 | D:1      | Succumbed to a kobold's poison

Skill      XL: |  1 |
---------------+----+-----
Dodging        | 1 |  1.4
Short Blades   | 2 |  2.2
Fighting       | |  2.2
Throwing       | |  1.7
Stealth        | |  3.7

Action                   || total
-------------------------++-------
Melee: Dagger            ||    43
  Use: Potion            ||     1
Armor: Robe              ||    11
Dodge: Dodged            ||    18
